 Dungeon Crawl Stone Soup version 0.24.0-125-gc4c63601f3 (webtiles) character file.

Game seed: 18249003972686271518, levelgen mode: deterministic

249522 nightchill the Phalangite (level 19, -17/157 HPs)
             Began as a Merfolk Abyssal Knight on Mar 3, 2020.
             Was a High Priest of Lugonu.
             Demolished by a juggernaut (61 damage)
             ... on level 2 of the Depths on Mar 10, 2020.
             The game lasted 04:34:26 (75966 turns).

nightchill the Phalangite (Merfolk Abyssal Knight) Turns: 75966, Time: 04:34:26

Health: -17/157    AC: 28    Str: 28    XL:     19   Next: 60%
Magic:  18/20      EV: 16    Int: 16    God:    Lugonu [*****.]
Gold:   2381       SH:  0    Dex: 14    Spells: 15/18 levels left

rFire    + . .     SeeInvis +   E - +9 bardiche
rCold    . . .     Gourm    .   (shield currently unavailable)
rNeg     + + +     Faith    .   p - +7 plate armour of Classification {rN+++ rCorr MP-9}
rPois    .         Spirit   .   h - +2 helmet {SInv}
rElec    +         Reflect  .   F - scarf {repulsion}
rCorr    +         Harm     .   J - +2 pair of gloves {Str+3}
MR       +....                  k - +0 pair of boots {run}
Stlth    ..........             x - amulet of the acrobat
HPRegen  0.36/turn              U - ring of Greed {Wiz rElec Str+7 Int+3}
MPRegen  0.17/turn              z - ring of protection from fire

@: repel missiles, quick
A: change form in water, swift swim, stealthy swim, low mp 1, wild magic 1
}: 2/15 runes: serpentine, barnacled
a: Depart the Abyss, Bend Space, Banish, Corrupt, Enter the Abyss, Renounce
Religion


You were on level 2 of the Depths.
You worshipped Lugonu.
Lugonu was extremely pleased with you.
You were hungry.

You visited 6 branches of the dungeon, and saw 33 of its levels.
You visited the Abyss 1 time.
You also visited: Ossuary.

You collected 3338 gold pieces.
You spent 957 gold pieces at shops.

Inventory:

Hand Weapons
 E - a +9 bardiche (weapon)
 T - a +1 bardiche
Missiles
 i - 1032 stones (quivered)
Armour
 h - a +2 helmet of see invisible (worn)
 k - a +0 pair of boots of running (worn)
 p - the +7 plate armour of Classification (worn) {rN+++ rCorr MP-9}
   (You bought it in a shop on level 2 of the Snake Pit)

   It renders you almost immune to negative energy.
   It affects your magic capacity (-9).
   It provides partial protection from all sources of acid and corrosion.
 y - a +0 ring mail of fire resistance
 F - a scarf of repulsion (worn)
 J - a +2 pair of gloves of strength (worn)
 W - a +0 cloak of magic resistance
 X - a scarf of resistance
Jewellery
 b - an uncursed ring of flight
 q - the ring of Eviupn {MR+ Dex+5}
   (You found it on level 11 of the Dungeon)

   [ring of protection from magic]

   It affects your dexterity (+5).
   It affects your resistance to hostile enchantments.
 w - an uncursed ring of poison resistance
 x - an amulet of the acrobat (around neck)
 z - a ring of protection from fire (right hand)
 H - an uncursed ring of protection from magic
 S - a +2 ring of slaying
 U - the ring of Greed (left hand) {Wiz rElec Str+7 Int+3}
   (You found it on level 4 of the Shoals)

   [ring of wizardry]

   It improves your spell success rate.
   It affects your strength (+7).
   It affects your intelligence (+3).
   It insulates you from electricity.
 Z - an uncursed ring of resist corrosion
Wands
 a - a wand of acid (28)
 m - a wand of polymorph (9)
 v - a wand of flame (49)
 I - a wand of disintegration (9)
 K - a wand of paralysis (7)
 L - a wand of digging (6)
Scrolls
 g - 21 scrolls of remove curse
 j - 2 scrolls of enchant weapon
 n - 4 scrolls of blinking
 s - 13 scrolls of teleportation
 B - 2 scrolls of identify
 C - 6 scrolls of fear
 O - 2 scrolls of fog
 P - a scroll of magic mapping
 Q - 6 scrolls of enchant armour
 R - a scroll of summoning
Potions
 d - 4 potions of haste
 e - 7 potions of brilliance
 f - 7 potions of lignification
 l - 14 potions of curing
 o - 4 potions of heal wounds
 t - 4 potions of resistance
 u - 3 potions of cancellation
 A - a potion of mutation
 D - 3 potions of might
 G - 5 potions of agility
 M - a potion of flight
 N - a potion of ambrosia
Comestibles
 c - 21 rations


   Skills:
 + Level 15.8 Fighting
 * Level 24.7 Polearms
 + Level 8.0 Armour
 + Level 16.6 Dodging
 * Level 19.5 Invocations


You had 15 spell levels left.
You knew the following spells:

 Your Spells              Type           Power        Failure   Level  Hunger
a - Spectral Weapon       Hex/Chrm       #.......     95%         3    ####...

Your spell library contained the following spells:

 Spells                   Type           Power        Failure   Level  Hunger
 Beastly Appendage        Tmut           #.....       71%         1    ##.....
 Infusion                 Chrm           #...         71%         1    ##.....
 Shock                    Conj/Air       #...         71%         1    ##.....
 Ensorcelled Hibernation  Hex/Ice        #.....       82%         2    ###....
 Shroud of Golubria       Chrm/Tloc      #.....       82%         2    ###....
 Song of Slaying          Chrm           #.......     82%         2    ###....
 Sticks to Snakes         Tmut           #.......     82%         2    ###....
 Swiftness                Chrm/Air       #.......     82%         2    ###....
 Ignite Poison            Fire/Tmut/Pois #.......     95%         3    ####...
 Regeneration             Chrm/Necr      #.........   95%         3    ####...
 Spider Form              Tmut/Pois      #.........   95%         3    ####...
 Static Discharge         Conj/Air       #.......     95%         3    ####...
 Airstrike                Air            #.........   100%        4    #####..
 Ice Form                 Ice/Tmut       #.......     100%        4    #####..
 Blade Hands              Tmut           #.........   100%        5    ######.
 Borgnjor's Vile Clutch   Necr/Erth      #.........   100%        5    ######.
 Fireball                 Conj/Fire      #.........   100%        5    ######.
 Lightning Bolt           Conj/Air       #.........   100%        5    ######.
 Silence                  Hex/Air        #.........   100%        5    ######.
 Bolt of Fire             Conj/Fire      #.........   100%        6    #######
 Darkness                 Hex            #.........   100%        6    #######
 Shadow Creatures         Summ           N/A          100%        6    #######
 Ring of Flames           Chrm/Fire      #.........   100%        7    #######
 Ignition                 Fire           #.........   100%        8    #######


Dungeon Overview and Level Annotations

Branches:
Dungeon (15/15)            Temple (0/1) D:4            Lair (6/6) D:10
 Shoals (4/4) Lair:3        Snake (4/4) Lair:3        Slime (0/5) Lair:6
    Orc (2/2) D:9             Elf (0/3) Orc:2        Vaults (0/5) D:14
 Depths (2/5) D:15        Ossuary (visited)

Altars:
Nemelex Xobeh
Qazlal
Wu Jian
Xom
Zin
Jiyva

Shops:
D:5 *   Orc:2 %*[!   Shoals:1 !   Shoals:2 }   Shoals:4 (:*(   Snake:2 [*

Portals:
Hell: Depths:1 Depths:2
Abyss: Depths:1
Pandemonium: Depths:1 Depths:2

Annotations:
D:3 exclusion: 2 downstairs
D:4 Edmund
D:5 exclusion: 2 downstairs
D:6 exclusion: downstairs
D:7 exclusion: downstairs
D:10 exclusion: 2 downstairs
D:12 exclusion: downstairs
D:13 3 runed translucent doors, jazmu's ghost, journeyman OpFE
Lair:2 exclusion: 2 downstairs
Lair:3 exclusion: 2 downstairs
Lair:4 3 runed translucent doors, Suuzuirph's ghost, journeyman GnWz
Lair:6 !take it slow lvl 6
Shoals:3 exclusion: downstairs
Shoals:4 slow and steady
Snake:1 !francis
Snake:3 corrupted, exclusion: downstairs
Snake:4 exclusions: door and 4 more exclusions, Roxanne
Orc:2 exclusion: upstairs
Abyss:1 Asterion; Frances; Pikel; Saint Roka; Urug


Innate Abilities, Weirdness & Mutations

You revert to your normal form in water.
You are very nimble and swift while swimming.
You are very stealthy in the water. (Stealth+)
Your magical capacity is low. (-10% MP)
Your spells are a little harder to cast, but a little more powerful.


Message History

There is a large open door, spattered with blood here.
The fire dragon breathes flames at you. The blast of flame hits you.
You resist.
You hear a deafening roar!
You hear a shout!
You see here 4 large rocks.
The deep troll enters a dispersal trap!
The fire dragon blinks!
The juggernaut blinks!
You blink.
The deep troll blinks!
Press: ? - help, Shift-Dir - straight line, f/p - juggernaut
Aim: a juggernaut (moderately wounded, chance to defeat MR: 17%)
The juggernaut resists with almost no effort.
You are feeling hungry.
Lugonu is no longer ready to corrupt your weapon.
The juggernaut hits you!!! The juggernaut hits you!
* * * LOW HITPOINT WARNING * * *
There is a large open door here.
There is a large open door here.
You see here a +0 spear.
There is a stone staircase leading up, spattered with blood here.
The juggernaut hits you!!!
You die...

##.##...≈.......##.......#...##.#
..#)##..≈≈.R.).)c'....#)##..##.#[
..##.###...≈≈...''...##.).###.##.
#......####.....##.....####......
##......#.##############.#......#
##....''T...............''....##
###..#....≈≈≈⌠≈≈.≈≈≈....#".###
####..................####
###....)C@.).....###
################


You could see a juggernaut and a deep troll.

Vanquished Creatures
  9 nagarajas
  3 fire giants
  Aizul (Depths:1)
  6 stone giants
  8 very ugly things
  A vampire knight (Depths:1)
  A lorocyproca (Depths:1)
  5 merfolk javelineers (Shoals:4)
  3 ettins
  4 fire dragons
  6 merfolk impalers
  3 jiangshi (Depths:1)
  3 great orbs of eyes
  Erolcha (Orc:1)
  3 ice dragons
  7 naga warriors
  4 vault guards (D:14)
  A merfolk avatar (Shoals:3)
  2 spriggan air magi (Depths:2)
  2 alligator snapping turtles
  4 merfolk aquamancers
  An ogre mage (D:15)
  5 anacondas
  2 death yaks
  6 deep troll shamans
  6 two-headed ogres
  2 deep troll earth magi
  2 centaur warriors
  3 tengu warriors
  A shock serpent (Snake:1)
  A vampire mage (Depths:1)
  4 orc high priests
  16 naga sharpshooters
  2 spriggan berserkers (Depths:1)
  2 spriggans (Depths:2)
  Sonja (Lair:2)
  2 iron trolls (Depths:2)
  2 skeletal warriors
  4 hell knights (Depths:2)
  6 deep trolls
  2 glowing orange brains (Depths:2)
  14 sea snakes
  A flayed ghost (D:15)
  6 unseen horrors
  4 naga ritualists (Snake:4)
  15 harpies
  A tengu zombie (D:15)
  4 necromancers
  6 salamanders
  6 mana vipers
  4 orc knights
  2 cyclopes
  7 fauns
  15 ugly things
  13 manticores
  5 orc sorcerers
  An iron dragon skeleton (Depths:2)
  7 merfolk sirens
  4 elephants
  A stone giant skeleton (Depths:2)
  A guardian serpent (Snake:2)
  26 black mambas
  An orange demon (Depths:1)
  A rust devil (Depths:1)
  2 frost giant skeletons (Depths:2)
  28 naga magi
  Maurice (D:11)
  5 water nymphs
  A gargoyle (D:11)
  17 spiny frogs
  A komodo dragon (shapeshifter) (D:14)
  A kobold demonologist (D:12)
  A rime drake (Lair:4)
  7 komodo dragons
  A guardian mummy (D:15)
  2 tengu conjurers
  A red devil (Depths:1)
  6 trolls
  30 merfolk
  6 wind drakes
  A polar bear (D:15)
  2 hornets (Depths:2)
  3 tyrant leeches (Lair:6)
  8 slime creatures
  26 blink frogs
  9 snapping turtles
  A harpy skeleton (D:15)
  13 hippogriffs
  2 spriggan zombies (D:15)
  A centaur simulacrum (D:15)
  17 water elementals
  A vampire (D:13)
  3 wyverns
  8 humans
  3 hogs
  47 yaks
  3 fire bats (D:12)
  3 basilisks
  12 vampire mosquitoes
  A chaos spawn (Depths:1)
  A hungry ghost (D:12)
  A neqoxec (Depths:1)
  An acid dragon (D:14)
  36 nagas
  Duvessa (D:7)
  9 water moccasins
  A hell hound (D:12)
  5 porcupines
  2 black bears (D:10)
  22 orc warriors
  14 ice beasts
  2 eyes of draining
  4 sky beasts
  A tengu skeleton (D:15)
  2 phantoms
  10 ogres
  7 centaurs
  13 wolves
  5 boggarts (Depths:1)
  8 crocodiles
  2 big kobolds
  An elf zombie (Ossuary)
  28 bullfrogs
  A glowing shapeshifter simulacrum (Depths:2)
  A hornet simulacrum (D:15)
  4 scorpions
  Dowan (D:7)
  18 killer bees
  4 wights
  A howler monkey (D:7)
  7 electric eels
  2 lava snakes
  6 centaur zombies
  7 crimson imps
  4 bullfrog zombies
  10 jellies
  2 quasits
  4 hounds
  An iron imp (Depths:1)
  4 centaur skeletons
  3 human zombies
  8 orc priests
  18 orc wizards
  5 bullfrog skeletons
  3 iguanas
  Natasha (thrice) (D:3 D:2)
  A human skeleton (D:5)
  11 worker ants
  A killer bee zombie (D:8)
  A hound skeleton (D:4)
  2 hound zombies
  2 mummies (Ossuary)
  2 worker ant zombies
  3 gnolls (D:10)
  A howler monkey skeleton (D:10)
  8 adders
  6 shadow imps
  5 white imps
  3 ufetubi
  17 oozes
  4 adder skeletons
  A worm (D:2)
  A dart slug (D:3)
  8 leopard geckos
  62 orcs
  A ball python (D:3)
  8 bats
  5 giant cockroaches
  6 goblins
  6 hobgoblins
  9 jackals
  4 quokkas
  10 frilled lizards
  A goblin zombie (Ossuary)
  10 hobgoblin zombies (Ossuary)
  2 jackal zombies
  14 kobolds
  13 kobold zombies (Ossuary)
  A leopard gecko skeleton (D:5)
  3 orc skeletons (D:5)
  5 orc zombies
  A quokka zombie (D:6)
  3 rats
  2 rat zombies (Ossuary)
  3 fire vortices (D:12)
  6 plants
1111 creatures vanquished.

Vanquished Creatures (others)
  10 hydras
  A merfolk avatar (Shoals:2)
  2 two-headed ogres
  2 merfolk aquamancers
  2 anacondas (Snake:3)
  2 death yaks (Lair:3)
  2 shock serpents
  A naga sharpshooter (Snake:3)
  An unseen horror (D:10)
  A naga ritualist (Snake:3)
  A harpy (Lair:3)
  An orc knight (Orc:1)
  A mana viper (Snake:3)
  2 salamanders (Snake:3)
  A manticore (D:11)
  3 black mambas (Snake:3)
  3 naga magi
  A spiny frog (Lair:6)
  A torpor snail (Lair:3)
  A troll (D:10)
  A tengu conjurer (D:10)
  A tyrant leech (Lair:6)
  A hippogriff (D:7)
  A shadow (D:6)
  A hog (D:5)
  A human (D:14)
  A fire bat (D:12)
  4 orc warriors
  An ice beast (D:5)
  A black bear (D:12)
  An ogre (D:6)
  A centaur (D:6)
  A killer bee (D:7)
  2 orc priests
  A worker ant (D:5)
  An adder zombie (Ossuary)
  29 fungi
  60 plants
148 creatures vanquished.

Grand Total: 1259 creatures vanquished

Notes
Turn   | Place    | Note
-------+----------+-------------------------------------------
     0 | Abyss:1  | nightchill the Merfolk Abyssal Knight began the quest for
                  | the Orb.
     0 | Abyss:1  | Reached XP level 1. HP: 18/18 MP: 2/2
    51 | Abyss:1  | Noticed an ancient zyme
    77 | Abyss:1  | Noticed a small abomination
    93 | D:1      | Escaped the Abyss
   402 | D:1      | Reached XP level 2. HP: 24/24 MP: 3/3
  1022 | D:2      | Reached * piety under Lugonu
  1073 | D:2      | Reached skill level 4 in Polearms
  1073 | D:2      | Reached XP level 3. HP: 29/29 MP: 4/4
  1952 | D:2      | Reached XP level 4. HP: 37/37 MP: 6/6
  2438 | D:3      | Reached skill level 5 in Polearms
  2780 | D:3      | Reached ** piety under Lugonu
  2899 | D:3      | Noticed Natasha
  2912 | D:3      | Killed Natasha
  2912 | D:3      | Reached XP level 5. HP: 22/42 MP: 7/7
  3053 | D:3      | Noticed Natasha
  3080 | D:2      | Killed Natasha
  3312 | D:2      | Noticed Natasha
  3335 | D:3      | Killed Natasha
  3335 | D:3      | Reached skill level 6 in Polearms
  4284 | D:3      | Reached XP level 6. HP: 17/49 MP: 8/8
  5190 | D:4      | Found the cursed necklace of Bloodlust {*Rage +Rage MR++
                  | Int-3 Slay+6 *Curse}
  5247 | D:4      | Found a staircase to the Ecumenical Temple.
  5293 | D:4      | Noticed Edmund
  5544 | D:4      | Reached skill level 7 in Polearms
  5775 | D:5      | Entered Level 5 of the Dungeon
  6061 | D:5      | Found a sand-covered staircase.
  6077 | Ossuary  | Entered an ossuary
  6108 | Ossuary  | Reached *** piety under Lugonu
  6409 | Ossuary  | Reached skill level 5 in Fighting
  6409 | Ossuary  | Reached XP level 7. HP: 48/56 MP: 10/10
  6642 | Ossuary  | Reached skill level 8 in Polearms
  6833 | Ossuary  | Reached **** piety under Lugonu
  6988 | Ossuary  | Reached skill level 5 in Invocations
  7383 | D:5      | Found Zin's Purification Station.
  7388 | D:5      | Found a glowing silver altar of Zin.
  8313 | D:5      | Reached skill level 9 in Polearms
  8444 | D:6      | Reached XP level 8. HP: 55/63 MP: 12/12
  9368 | D:6      | Reached skill level 10 in Polearms
  9900 | D:6      | Noticed a shadow
  9901 | D:6      | Banished a shadow
 10279 | D:7      | Noticed a hippogriff
 10292 | D:7      | Banished a hippogriff
 10292 | D:7      | Reached XP level 9. HP: 49/71 MP: 14/14
 10316 | D:7      | Noticed Pikel
 10475 | D:7      | Noticed an orc sorcerer
 10481 | D:7      | Noticed a red devil
 10487 | D:7      | Paralysed by an orc sorcerer for 6 turns
 10573 | D:7      | Noticed Duvessa
 10578 | D:7      | Noticed Dowan
 10579 | D:7      | Reached skill level 11 in Polearms
 10684 | D:7      | Killed an orc sorcerer
 10720 | D:7      | Killed Dowan
 10871 | D:7      | Killed Duvessa
 11061 | D:7      | Banished Pikel
 11061 | D:7      | Reached skill level 12 in Polearms
 11535 | D:6      | Reached XP level 10. HP: 73/80 MP: 15/17
 11927 | D:8      | Noticed a two-headed ogre
 11929 | D:8      | Banished a two-headed ogre
 11929 | D:8      | Reached skill level 13 in Polearms
 12744 | D:7      | Reached skill level 10 in Invocations
 13923 | D:9      | Found a stormy altar of Qazlal.
 14117 | D:9      | Reached skill level 14 in Polearms
 14218 | D:9      | Found a staircase to the Orcish Mines.
 14870 | D:10     | Entered Level 10 of the Dungeon
 14907 | D:10     | Reached XP level 11. HP: 38/87 MP: 19/19
 15113 | D:10     | Found a staircase to the Lair.
 15142 | D:10     | Banished an unseen horror
 15142 | D:10     | Reached skill level 5 in Dodging
 15504 | D:10     | Found a stormy altar of Qazlal.
 15888 | D:10     | You fall into a shaft and drop 2 floors!
 15996 | D:12     | Reached skill level 15 in Polearms
 16364 | D:12     | Noticed a two-headed ogre
 16373 | D:12     | Banished a two-headed ogre
 16597 | D:11     | Noticed an eight-headed hydra
 16600 | D:11     | Banished an eight-headed hydra
 16674 | D:11     | Noticed Maurice
 17061 | D:11     | Noticed a two-headed ogre
 17074 | D:11     | Banished a two-headed ogre
 17149 | D:11     | Noticed a six-headed hydra
 17157 | D:11     | Noticed a cyclops
 17161 | D:11     | Noticed a manticore
 17168 | D:11     | Noticed a brown ugly thing
 17170 | D:11     | Noticed a brown ugly thing
 17171 | D:11     | Noticed a brown ugly thing
 17174 | D:11     | Noticed an eight-headed hydra
 17188 | D:11     | Banished an eight-headed hydra
 17211 | D:11     | Noticed a skeletal warrior
 17255 | D:11     | Noticed a manticore
 17579 | D:10     | Found a shimmering altar of Xom.
 17717 | D:10     | Reached skill level 16 in Polearms
 17837 | Lair:1   | Entered Level 1 of the Lair of Beasts
 17899 | Lair:1   | Noticed Urug
 17904 | Lair:1   | Banished Urug
 18355 | Lair:1   | Noticed a seven-headed hydra
 18361 | Lair:1   | Banished a seven-headed hydra
 18361 | Lair:1   | Reached skill level 10 in Fighting
 18361 | Lair:1   | Reached XP level 12. HP: 97/97 MP: 20/20
 18723 | Lair:1   | Noticed a six-headed hydra
 18729 | Lair:1   | Banished a six-headed hydra
 19289 | Lair:2   | Found an ornate altar of the Wu Jian Council.
 19646 | Lair:2   | Noticed Sonja
 19654 | Lair:2   | Killed Sonja
 19739 | Lair:2   | Reached skill level 17 in Polearms
 20615 | Lair:3   | Found a staircase to the Shoals.
 20758 | Lair:3   | Noticed a four-headed hydra
 20766 | Lair:3   | Banished a five-headed hydra
 20878 | Lair:3   | Found a staircase to the Snake Pit.
 22079 | Lair:3   | You fall into a shaft and drop 1 floor!
 22440 | Lair:4   | Found a runed translucent gate.
 22440 | Lair:4   | Found a runed translucent gate.
 22440 | Lair:4   | Found a runed translucent gate.
 22441 | Lair:4   | Noticed a death ooze
 22442 | Lair:4   | Found a viscous altar of Jiyva.
 22442 | Lair:4   | Noticed Suuzuirph's ghost (journeyman GnWz)
 22750 | Lair:4   | Reached skill level 18 in Polearms
 22899 | Lair:4   | Noticed a death yak
 22902 | Lair:4   | Reached XP level 13. HP: 98/106 MP: 22/22
 24050 | Lair:3   | Reached skill level 10 in Dodging
 26338 | Lair:5   | Reached skill level 19 in Polearms
 26696 | Lair:6   | Entered Level 6 of the Lair of Beasts
 26696 | Lair:6   | Found a staircase to the Slime Pits.
 28094 | Lair:6   | Reached XP level 14. HP: 101/115 MP: 24/24
 30859 | D:10     | Reached skill level 20 in Polearms
 31249 | D:10     | Reached skill level 1 in Armour
 33014 | D:11     | Killed Maurice
 33910 | D:11     | Got a bound wooden ring
 33911 | D:11     | Identified the ring of Eviupn {MR+ Dex+5} (You found it on
                  | level 11 of the Dungeon)
 36430 | D:13     | Found a runed translucent gate.
 36430 | D:13     | Found a runed translucent gate.
 36430 | D:13     | Found a runed translucent gate.
 36432 | D:13     | Noticed jazmu's ghost (journeyman OpFE)
 36433 | D:13     | Identified the +5 whip "Roekuac" {chaos, *Corrode +Blink
                  | Stlth+}
 36434 | D:13     | Identified the +5 whip of Hatred {drain, rN+ Str+2 Int+3}
 36449 | D:13     | Found a sparkling altar of Nemelex Xobeh.
 37405 | Snake:1  | Entered Level 1 of the Snake Pit
 37465 | Snake:1  | Noticed Frances
 37855 | Shoals:1 | Entered Level 1 of the Shoals
 38424 | D:14     | You fall into a shaft and drop 1 floor!
 38424 | D:15     | Entered Level 15 of the Dungeon
 38671 | D:14     | Reached skill level 15 in Invocations
 39257 | D:14     | Reached XP level 15. HP: 90/122 MP: 26/26
 40353 | D:14     | Found a gate to the Vaults.
 40515 | Orc:1    | Entered Level 1 of the Orcish Mines
 41355 | Orc:1    | Noticed Erolcha
 41365 | Orc:1    | Killed Erolcha
 41462 | Orc:1    | You fall into a shaft and drop 1 floor!
 41462 | Orc:2    | Entered Level 2 of the Orcish Mines
 42071 | Orc:2    | Noticed Saint Roka
 42298 | Orc:2    | Found a staircase to the Elven Halls.
 42450 | Orc:2    | Banished Saint Roka
 43382 | Orc:1    | HP: 6/124 [orc warrior/+0 short sword (19)]
 43803 | Orc:2    | Found Jehoukk's Food Shop.
 43803 | Orc:2    | Found Joamem's Distillery.
 43805 | Orc:2    | Found Talui's Assorted Antiques.
 43805 | Orc:2    | Found Hiavvir's Antique Armour Shoppe.
 44161 | Orc:2    | Bought a pair of embroidered boots for 187 gold pieces
 44175 | Orc:2    | Identified a +0 pair of boots of running (You bought it in
                  | a shop on level 2 of the Orcish Mines)
 44225 | Orc:2    | Bought a scroll labeled GUXIERYNUO for 28 gold pieces
 44225 | Orc:2    | Bought a scroll labeled OTIUNK JAUSICH for 28 gold pieces
 44691 | D:14     | Identified a scroll of acquirement
 45072 | D:15     | Found a staircase to the Depths.
 47385 | Shoals:1 | Reached skill level 21 in Polearms
 47385 | Shoals:1 | Reached XP level 16. HP: 103/131 MP: 28/28
 47484 | Shoals:1 | Found Jutay's Distillery.
 47721 | Lair:3   | Learned a level 3 spell: Spectral Weapon
 49406 | Snake:1  | Banished Frances
 50660 | Snake:2  | Reached skill level 5 in Armour
 51001 | Snake:2  | Noticed a nagaraja
 51008 | Snake:2  | Killed a nagaraja
 51028 | Snake:2  | Noticed a nagaraja
 51036 | Snake:2  | Killed a nagaraja
 51167 | Snake:2  | Reached ***** piety under Lugonu
 51333 | Snake:2  | Found Puus's Antique Armour Shop.
 51600 | Snake:2  | Found Haroguce's Assorted Antiques.
 51892 | Snake:2  | Bought a smoking plate armour for 672 gold pieces
 51892 | Snake:2  | Identified the +7 plate armour of Classification {rN+++
                  | rCorr MP-9} (You bought it in a shop on level 2 of the
                  | Snake Pit)
 53578 | Snake:3  | Found a stormy altar of Qazlal.
 53751 | Snake:3  | Corrupted Snake:3
 53752 | Snake:3  | Noticed a lich
 54069 | Snake:4  | Entered Level 4 of the Snake Pit
 54414 | Snake:4  | Identified the +1 shield of Zufoel {-Tele rF+++ MR- rCorr}
 54414 | Snake:4  | Noticed Asterion
 54416 | Snake:4  | Banished Asterion
 54538 | Snake:4  | Reached skill level 22 in Polearms
 54757 | Snake:4  | Noticed a nagaraja
 54785 | Snake:4  | Killed a nagaraja
 55007 | Snake:4  | Noticed Roxanne
 55095 | Snake:4  | Reached XP level 17. HP: 136/139 MP: 20/29
 58346 | Snake:4  | Reached skill level 15 in Dodging
 58838 | Snake:4  | Got a serpentine rune of Zot
 59100 | Shoals:2 | Got a slimy scale mail
 59101 | Shoals:2 | Identified the cursed +1 scale mail of Bufufep {Str+5} (You
                  | found it on level 2 of the Shoals)
 59115 | Shoals:2 | Found Haneduma's Gadget Boutique.
 60269 | Shoals:3 | Reached skill level 23 in Polearms
 61262 | Shoals:3 | Reached XP level 18. HP: 144/148 MP: 22/31
 62094 | Shoals:4 | Entered Level 4 of the Shoals
 62104 | Shoals:4 | Found Oloda's Assorted Antiques.
 62491 | Shoals:4 | Got a barnacled rune of Zot
 62521 | Shoals:4 | Reached skill level 15 in Fighting
 62665 | Shoals:4 | Found Onacunirch's Antique Weapon Emporium.
 63289 | Shoals:4 | Got a warped platinum ring
 63290 | Shoals:4 | Identified the ring of Greed {Wiz rElec Str+7 Int+3} (You
                  | found it on level 4 of the Shoals)
 64042 | Shoals:4 | Found Geiwyrito's Book Shop.
 64277 | Shoals:4 | Found Jobo's Antique Weapon Boutique.
 64508 | Shoals:4 | Got a flickering turquoise ring
 64509 | Shoals:4 | Identified the ring "Xec Wiwo" {+Blink rPois rC- Str-4
                  | Stlth-} (You found it on level 4 of the Shoals)
 65300 | Shoals:4 | Bought a scroll labeled PARPHI BIRILO for 42 gold pieces
 65660 | Depths:1 | Entered Level 1 of the Depths
 66111 | D:15     | Got a pair of warped boots
 66112 | D:15     | Identified the +2 pair of boots "Bitzy" {SInv} (You
                  | acquired it on level 15 of the Dungeon)
 68791 | Depths:1 | Found a one-way gate to the infinite horrors of the Abyss.
 68801 | Depths:1 | Noticed Aizul
 69297 | Depths:1 | Killed Aizul
 69297 | Depths:1 | Reached skill level 24 in Polearms
 69994 | Depths:1 | Found a one-way gate leading to the halls of Pandemonium.
 70004 | Depths:1 | Gained mutation: You tend to lose your temper in combat. [a
                  | neqoxec]
 70563 | Depths:1 | Reached XP level 19. HP: 127/155 MP: 23/32
 70835 | Depths:1 | Found a gateway to Hell.
 72201 | Depths:2 | Reached ****** piety under Lugonu
 72912 | Depths:2 | Noticed a lich
 73124 | Depths:2 | Got a heavily runed silver amulet
 73125 | Depths:2 | Identified the amulet "Qalyhaidd" {Spirit rC- Str+7} (You
                  | found it on level 2 of the Depths)
 74805 | Depths:1 | Lost mutation: You tend to lose your temper in combat.
                  | [potion of mutation]
 74805 | Depths:1 | Gained mutation: Your magical capacity is low. (-10% MP)
                  | [potion of mutation]
 74805 | Depths:1 | Gained mutation: Your spells are a little harder to cast,
                  | but a little more powerful. [potion of mutation]
 75923 | Depths:2 | Noticed a juggernaut
 75966 | Depths:2 | Demolished by a juggernaut

Levels and vault maps discovered:
D:1:      minmay_arrival_semitransparent, layout_loops_ring
D:2:      layout_rooms, first_ration
D:3:      layout_basic, uniq_natasha
D:4:      layout_loops_cross, minmay_temple_entry_steel_oval,
          fedhas_altar_fruit_tree, uniq_edmund
D:5:      layout_rooms, zin_purify, nicolae_ossuary_entry_catacombs,
          minmay_strange_pillars
D:6:      layout_cave_pools
D:7:      cheibrodos_wizards_tower, layout_rooms, grunt_livestock, uniq_pikel,
          uniq_duvessa
D:8:      layout_cave_pools
D:9:      layout_cave_pods, david_orc_2, enter_bailey_1,
          nicolae_qazlal_eye_of_the_storm
D:10:     layout_basic, due_lair_maze_entry_diamond, basic_altar, tgw_xom
D:11:     minmay_the_grid_octo_2x2 [minmay_the_grid_octo_fat_diamond,
          minmay_the_grid_octo_teeth, minmay_the_grid_octo_concentric,
          minmay_the_grid_octo_prize_star], layout_cave_pools, uniq_maurice
D:12:     layout_stronghold, hangedman_incinerator
D:13:     layout_irregular_city, gammafunk_ghost_nasty_kobolds, basic_altar
D:14:     layout_stronghold, ximxim_vaults_locker_room, chequers_jeans,
          kennysheep_small_square
D:15:     gammafunk_depths_entry_grave, layout_loops_ring, serial_ice,
          serial_ice_j, serial_ice_b, serial_ice_d, serial_ice_g, serial_ice_o
Lair:1:   layout_cave_pods, st_stairs_7, uniq_urug
Lair:2:   layout_gridlike, basic_altar, lemuel_fruit_tree, uniq_sonja
Lair:3:   layout_roguey, minmay_shoals_entry_beasts,
          minmay_snake_entry_guardpost_small
Lair:4:   lemuel_slime, layout_cave_shapes, gauntlet_entry_generic,
          gammafunk_ghost_ooze, beast_lair_carwin_9, serial_bayou_shore_b
Lair:5:   layout_gridlike, st_stairs_11, lemuel_fruit_fields
Lair:6:   minmay_lair_end_frog_pond, layout_layer_cave, slime_dummy
Shoals:1: layout_shoals, serial_shops, shop, nicolae_shoals_wave_tunnel
Shoals:2: layout_shoals, serial_shops, nicolae_shop_statue_plus, abandoned_shop
Shoals:3: layout_shoals
Shoals:4: shoals_end_simple, layout_shoals, serial_shops, shop, shop_fountains,
          nicolae_shop_overgrown_old_shop, shop
Snake:1:  layout_onion, portal_ice_cave_entry_pillars_three, st_stairs_10,
          serial_bayou_shore_a, uniq_frances
Snake:2:  layout_cave_town, serial_shops, shop, shop_statue
Snake:3:  layout_onion_interference, basic_altar, statue_in_the_mist_lemuel
Snake:4:  snake_pit, layout_basic, special_room, uniq_roxanne, uniq_asterion
Orc:1:    layout_diamond_mine, uniq_erolcha
Orc:2:    grunt_orc_tribal_feast, layout_diamond_mine, uniq_saint_roka
Depths:1: layout_twisted_cross, hell_entry, chequers_serial_rivers_large_b,
          abyss_entry, grunt_pan_entry_in_and_out, minmay_misc_feat_nine_boxes,
          kennysheep_potato, uniq_aizul
Depths:2: grunt_runaround [grunt_runaround_doors_1, grunt_runaround_doors_2,
          grunt_runaround_doors_3, grunt_runaround_doors_4,
          grunt_runaround_loot], pan_entry, hell_entry

Skill      XL: |  1  2  3  4  5  6  7  8  9 10 11 12 13 14 15 16 17 18 19 |
---------------+----------------------------------------------------------+-----
Polearms       | 4 5 6 7 9 10 12 14 16 18 19 20 21 22 23 24 | 24.7
Fighting       | 4 5 6 7 8 10 11 12 13 14 15 | 15.8
Invocations    | 3 4 5 7 9 10 11 12 13 15 16 17 18 19 | 19.5
Dodging        | 4 7 9 11 12 13 14 15 16 | 16.6
Armour         | 3 4 5 6 7 8 |  8.0

Action                   |  1- 3 |  4- 6 |  7- 9 | 10-12 | 13-15 | 16-18 | 19-21 || total
-------------------------+-------+-------+-------+-------+-------+-------+-------++-------
Melee: Spear             |   110 |   417 |   449 |       |       |       |       ||   976
       Trident           |       |       |   127 |   324 |       |       |       ||   451
       Glaive            |       |       |       |   599 |  1244 |       |       ||  1843
       Tailslap          |       |       |       |       |     5 |    22 |     1 ||    28
       Bardiche          |       |       |       |       |   541 |  1501 |   340 ||  2382
Throw: Stone             |       |       |       |     1 |     5 |     6 |     2 ||    14
Invok: Depart the Abyss  |     1 |       |       |       |       |       |       ||     1
       Banish            |       |       |    15 |    20 |    33 |    12 |     1 ||    81
       Bend Space        |       |       |     1 |     7 |    16 |     5 |     1 ||    30
       Corrupt           |       |       |       |       |       |     1 |       ||     1
Evoke: Wand              |       |     1 |     4 |     7 |    10 |     7 |       ||    29
  Use: Scroll            |     7 |     1 |     6 |    13 |    11 |    22 |     5 ||    65
       Potion            |       |       |     1 |     6 |     2 |       |     1 ||    10
 Stab: Sleeping          |     1 |       |       |       |       |       |       ||     1
       Distracted        |       |     1 |       |       |     1 |       |       ||     2
       Invisible         |       |       |       |     2 |       |       |       ||     2
       Held in net/web   |       |       |       |       |       |     2 |       ||     2
  Eat: Chunk             |     3 |    13 |     7 |    30 |    58 |    23 |    13 ||   147
       Ration            |       |       |     4 |     4 |     9 |    15 |     1 ||    33
Armor: Leather armour    |    29 |    16 |       |       |       |       |       ||    45
       Ring mail         |       |    39 |    29 |   252 |   350 |    30 |       ||   700
       Scale mail        |       |       |    77 |    83 |       |       |       ||   160
       Plate armour      |       |       |       |       |       |   463 |   152 ||   615
Dodge: Dodged            |    74 |   147 |   179 |   677 |  1144 |  1019 |   260 ||  3500
       Deflected         |       |       |       |       |     1 |   117 |     7 ||   125
